AoeStats
← Ganoso

Arabia

510130121Analyzed
1v1 RM · 23h ago on Sep 29, 2026· 14m 12s· 2 players
Game mode
Random Map
Map size
Tiny (2 player)
Population
200
Speed
Normal
Resources
Standard
Victory
Conquest
Starting age
Dark Age
Ending age
Imperial Age
RankedLock teamsTeams togetherTeam positionsShared explorationLock speedFull tech treeHidden civsTurbo modeCheats
Victory
Defeat
🇨🇭 Vietnamese · Switzerland
1038
+18
🇨🇦 Armenians · Canada
1074
-18
Ganoso
6:04 Loom
9:03 Feudal Age
9:40 Double-Bit Axe
ooo000ooo
3:02 Loom
11:25 Feudal Age
12:20 Man-at-Arms
13:03 Long Swordsman
13:51 Scale Mail Armor
Connection lost

Rejoining the realm…

Still unreachable

The connection could not be restored.

Session expired

The server has moved on; the page needs a fresh start.